 Dungeon Crawl Stone Soup version 0.21.1-1-g345015f (webtiles) character file.

289 Lanoc the Shield-Bearer (level 6, -8/48 HPs)
             Began as a Formicid Fighter on Feb 19, 2018.
             Mangled by a mummy (14 damage)
             ... in an ossuary.
             The game lasted 00:06:44 (3391 turns).

Lanoc the Shield-Bearer (Formicid Fighter)          Turns: 3391, Time: 00:06:44

Health: -8/48      AC: 10    Str: 21    XL:     6   Next: 58%
Magic:  6/6        EV:  9    Int:  7    God:
Gold:   178        SH: 11    Dex: 12    Spells: 5/5 levels left

rFire    . . .     SeeInvis +   a - +0 long sword
rCold    . . .     Gourm    .   c - +1 shield
rNeg     . . .     Faith    .   b - +0 scale mail
rPois    .         Spirit   .   (helmet unavailable)
rElec    .         Reflect  .   q - +2 cloak
rCorr    .         Harm     .   (no gloves)
MR       .....                  (no boots)
Stlth    ..........             (no amulet)
HPRegen  0.16/turn              (no ring)
MPRegen  0.10/turn              (no ring)

@: no status effects
A: permanent stasis, dig shafts and tunnels, four strong arms, antennae 3
a: Dig, Shaft Self


You were in an ossuary.
You were hungry.

You visited 1 branch of the dungeon, and saw 4 of its levels.
You also visited: Ossuary.

You collected 178 gold pieces.

Inventory:

Hand Weapons
 a - a +0 long sword (weapon)
 s - a +0 hunting sling
Missiles
 o - 55 sling bullets
Armour
 b - a +0 scale mail (worn)
 c - a +1 shield (worn)
 q - a +2 cloak (worn)
Scrolls
 e - 2 scrolls of immolation {unknown}
 h - a scroll of blinking {unknown}
Potions
 d - a potion of might
 g - 2 potions of degeneration {unknown}
 i - 2 potions of curing
 k - 2 potions of agility
 m - a potion of mutation
Comestibles
 f - 5 rations


   Skills:
 + Level 4.2 Fighting
 * Level 4.1 Long Blades
 + Level 4.2 Armour
 + Level 2.0 Dodging
 + Level 4.6 Shields


You had 5 spell levels left.
You didn't know any spells.

Dungeon Overview and Level Annotations

Branches:
Dungeon (4/15)
 Temple: D:4-7

Altars:
Elyvilon
Fedhas
Makhleb
Okawaru
Trog
Uskayaw


Innate Abilities, Weirdness & Mutations

You cannot be hasted, slowed, berserked, paralysed or teleported.
You can dig through walls and to a lower floor.
Your four strong arms can wield two-handed weapons with a shield.
You have a pair of large antennae on your head. (SInv)


Message History

The mummy is almost destroyed.
The mummy hits you!
You are too injured to fight recklessly!
You barely miss the mummy.
The mummy is almost destroyed.
The mummy hits you!
* * * LOW HITPOINT WARNING * * *
Your shield and scale mail prevent you from hitting the mummy.
The mummy is almost destroyed.
You block the mummy's attack.
You barely miss the mummy.
The mummy is almost destroyed.
Your shield and scale mail prevent you from hitting the mummy.
The mummy is almost destroyed.
The mummy hits you.
* * * LOW HITPOINT WARNING * * *
You barely miss the mummy.
The mummy is almost destroyed.
The mummy hits you!
You die...

### ###.### !.!!!
##### !.! #.!.#
#M# #...# #@#
##.## ###'###
#.### ##.....##
##.'.#
##.......###..###
#.........#...'.#
+....⌠....'...###
#.........#...'.#
##.......###..###
##..^..## ##.'.#


You could see a mummy.

Vanquished Creatures
  A crimson imp (D:3)
  3 orc priests
  3 mummies (Ossuary)
  6 adders
  An ooze (D:3)
  A worm zombie (D:4)
  2 worms (D:2)
  A dart slug (D:1)
  2 leopard geckos (D:2)
  An orc (D:2)
  7 bats
  5 giant cockroaches
  8 hobgoblins
  6 jackals
  A ball python (D:2)
  4 frilled lizards
  2 goblins (D:1)
  2 goblin zombies (Ossuary)
  6 kobolds
  2 kobold zombies
  An orc zombie (Ossuary)
  5 rats
  A rat zombie (D:4)
71 creatures vanquished.

Vanquished Creatures (others)
  4 toadstools (D:1)
4 creatures vanquished.

Grand Total: 75 creatures vanquished

Notes
Turn   | Place    | Note
-------+----------+-------------------------------------------
     0 | D:1      | Lanoc the Formicid Fighter began the quest for the Orb.
     0 | D:1      | Reached XP level 1. HP: 18/18 MP: 1/1
   176 | D:1      | Reached XP level 2. HP: 22/24 MP: 2/2
   670 | D:2      | Reached XP level 3. HP: 27/29 MP: 3/3
   701 | D:2      | Found a white marble altar of Elyvilon.
   994 | D:2      | Found a burning altar of Makhleb.
  1098 | D:2      | Reached skill level 1 in Dodging
  1100 | D:2      | Reached XP level 4. HP: 28/36 MP: 4/4
  1760 | D:2      | Found a bloodstained altar of Trog.
  1862 | D:3      | Reached XP level 5. HP: 40/42 MP: 5/5
  2338 | D:2      | Reached XP level 6. HP: 27/48 MP: 6/6
  2860 | D:3      | Found an iron altar of Okawaru.
  2991 | D:3      | Found a hide-covered altar of Uskayaw.
  2991 | D:3      | Found a blossoming altar of Fedhas.
  3079 | D:4      | Found a sand-covered staircase.
  3094 | Ossuary  | Entered an ossuary
  3391 | Ossuary  | Mangled by a mummy

Skill      XL: |  1  2  3  4  5  6 |
---------------+-------------------+-----
Dodging        | 1 2 |  2.0
Shields        | 4 |  4.6
Long Blades    | 3 4 |  4.1
Armour         | 4 |  4.2
Fighting       | 4 |  4.2

Action                   |  1- 3 |  4- 6 || total
-------------------------+-------+-------++-------
Melee: Long sword        |    89 |   182 ||   271
 Abil: Dig               |     1 |       ||     1
  Use: Potion            |       |     2 ||     2
       Scroll            |       |    14 ||    14
  Eat: Chunk             |       |     8 ||     8
Armor: Scale mail        |    43 |    73 ||   116
Dodge: Dodged            |    40 |    67 ||   107
Block: Shield            |    59 |    99 ||   158
       Rpst.: Long sword |    16 |    22 ||    38
